 Dungeon Crawl Stone Soup version 0.20.2-3-g29329e0561 (webtiles) character file.

98 Alfie the Skirmisher (level 4, -1/66 HPs)
             Began as a Hill Orc Fighter on July 26, 2023.
             Slain by Alfie's ghost (3 damage)
             ... on level 4 of the Dungeon.
             The game lasted 00:04:37 (1866 turns).

Alfie the Skirmisher (Hill Orc Fighter)             Turns: 1866, Time: 00:04:38

Health: -1/66      AC: 22    Str: 18 (19) XL:     4   Next: 69%
Magic:  4/4        EV:  2    Int:  5 (8)  God:
Gold:   146        SH:  9    Dex:  7 (10) Spells: 3/3 levels left

rFire    . . .     SeeInvis +   a - +0 rapier
rCold    . . .     Gourm    .   c - +0 shield
rNeg     + + +     Faith    .   (armour currently unavailable)
rPois    +         Spirit   .   (helmet currently unavailable)
rElec    .         Reflect  .   (cloak currently unavailable)
rCorr    .         Harm     .   (gloves currently unavailable)
MR       .....     NoTele   +   (boots currently unavailable)
Stlth    +.........             (no amulet)
Regen    0.3/turn               q - ring of see invisible
MPRegen  0.1/turn               (no ring)

@: tree-form, hasted, very quick
A: robust 1
a: no special abilities


You were on level 4 of the Dungeon.
You were not hungry.
You were a tree.
You visited 1 branch of the dungeon, and saw 4 of its levels.

You collected 146 gold pieces.

Inventory:

Hand Weapons
 a - a +0 rapier (weapon)
Armour
 b - a +0 scale mail (melded)
 c - a +0 shield (worn)
 o - a +2 pair of boots (melded)
 t - a +2 helmet (melded)
Jewellery
 q - a ring of see invisible (left branch)
Wands
 s - a wand of flame (18/48)
Scrolls
 d - a scroll of fear {unknown}
 e - 3 scrolls of identify
 g - a scroll of immolation {unknown}
 k - a scroll of teleportation
 l - a scroll of remove curse {unknown}
 p - 2 scrolls of amnesia {unknown}
Potions
 u - a potion of mutation
Comestibles
 f - 2 bread rations
 h - 3 meat rations
 m - 2 fruits


   Skills:
 + Level 4.1 Fighting
 + Level 3.3 Short Blades
 + Level 3.6 Armour
 + Level 0.2 Dodging
 + Level 4.1 Shields


You had 3 spell levels left.
You didn't know any spells.

Dungeon Overview and Level Annotations

Branches:
Dungeon (4/15)
 Temple: D:4-7

Altars:
Dithmenos

Annotations:
D:3 Alfie's ghost, weakling HOFi
D:4 Alfie's ghost, amateur HOFi


Innate Abilities, Weirdness & Mutations

((You are partially covered in molten scales. (AC +2)))
((You can translocate small distances at will.))
You are robust. (+10% HP)


Message History

You feel as though your hastened speed will last longer.
You block Alfie's ghost's attack.
You hit Alfie's ghost but do no damage.
Alfie's ghost is heavily damaged.
You block Alfie's ghost's attack.
You hit Alfie's ghost but do no damage.
Alfie's ghost is heavily damaged.
Alfie's ghost barely misses you.
You hit Alfie's ghost.
Alfie's ghost is severely damaged.
You hit Alfie's ghost but do no damage.
Alfie's ghost is severely damaged.
Alfie's ghost hits you but does no damage.
You hit Alfie's ghost.
Alfie's ghost is severely damaged.
Alfie's ghost hits you but does no damage.
You hit Alfie's ghost but do no damage.
Alfie's ghost is severely damaged.
Alfie's ghost hits you.
You die...

.. . .## ..#
#.## #.. # #.#
#. #.# ...##
#♣# .....##W###
#......#
###....# #.#.##
# .# #.#..# .##
.# ##.##.#..
..##. #..#.....
#.#..###......#


You could see Alfie's ghost.

Vanquished Creatures
  A killer bee (D:3)
  2 adders (D:3)
  A worm (D:2)
  2 leopard geckos
  5 bats
  A giant cockroach (D:2)
  7 goblins
  2 hobgoblins
  A quokka (D:2)
  A ball python (D:2)
  A frilled lizard (D:3)
  3 kobolds
  9 rats
36 creatures vanquished.

Notes
Turn   | Place    | Note
-------+----------+-------------------------------------------
     0 | D:1      | Alfie the Hill Orc Fighter began the quest for the Orb.
     0 | D:1      | Reached XP level 1. HP: 19/19 MP: 1/1
   130 | D:1      | Reached XP level 2. HP: 25/27 MP: 2/2
   969 | D:2      | Found a shadowy altar of Dithmenos.
  1097 | D:2      | Reached XP level 3. HP: 27/33 MP: 3/3
  1686 | D:3      | Noticed Alfie's ghost (weakling HOFi)
  1687 | D:3      | Noticed a killer bee
  1689 | D:3      | Noticed a killer bee
  1690 | D:3      | Noticed a killer bee
  1710 | D:3      | Killed a killer bee
  1710 | D:3      | Reached XP level 4. HP: 11/40 MP: 4/4
  1821 | D:4      | Noticed Alfie's ghost (amateur HOFi)
  1850 | D:4      | Gained mutation: You can translocate small distances at will. [potion of mutation]
  1850 | D:4      | Gained mutation: You are robust. (+10% HP) [potion of mutation]
  1850 | D:4      | Gained mutation: You are partially covered in molten scales. (AC +2) [potion of mutation]
  1858 | D:4      | HP: 1/66 [Alfie's ghost (7)]
  1866 | D:4      | Slain by Alfie's ghost

Skill      XL: |  1  2  3 |
---------------+----------+-----
Fighting       | 4 |  4.1
Short Blades   | 3 |  3.3
Shields        | 4 |  4.1
Armour         | |  3.6
Dodging        | |  0.2

Action                   |  1- 3 |  4- 6 || total
-------------------------+-------+-------++-------
Melee: Rapier            |   118 |    41 ||   159
  Use: Scroll            |     4 |     1 ||     5
       Potion            |     2 |     7 ||     9
  Eat: Royal jelly       |     1 |       ||     1
       Bread ration      |     1 |       ||     1
Armor: Scale mail        |    60 |    12 ||    72
       Skin              |       |     5 ||     5
Dodge: Dodged            |    37 |     2 ||    39
Block: Shield            |    68 |    19 ||    87
